 Dungeon Crawl Stone Soup version 0.29-a0-1061-gbc57f8fbdb (webtiles) character file.

Game seed: 5547250478882885661

942 Draxus42 the Ducker (level 8, -4/63 HPs)
             Began as a Gnoll Gladiator on Aug 18, 2022.
             Was a Believer of Dithmenos.
             Slain by a vampire mosquito (7 damage)
             ... on level 5 of the Dungeon.
             The game lasted 00:33:15 (3998 turns).

Draxus42 the Ducker (Gnoll Gladiator)               Turns: 3998, Time: 00:33:15

Health: -4/63      AC:  8    Str: 14    XL:     8   Next: 12%
Magic:  12/12      EV: 15    Int:  7    God:    Dithmenos [**....]
Gold:   255        SH:  0    Dex: 16    Spells: 13/13 levels left

rFire   . . .      SeeInvis .   m - +1 dagger (vamp)
rCold   . . .      Faith    .   (no shield)
rNeg    . . .      Spirit   .   b - +0 leather armour
rPois   .          Reflect  .   c - +0 helmet
rElec   .          Harm     .   t - +0 cloak
rCorr   .          Rampage  .   n - +1 pair of gloves
Will    .....                   i - +0 pair of boots
Stlth   +++.......              (no amulet)
HPRegen 0.20/turn               (no ring)
MPRegen 0.13/turn               (no ring)

@: wreathed by umbra
A: fangs 1, strong nose, distributed training
a: Renounce Religion, Shadow Step


You were on level 5 of the Dungeon.
You worshipped Dithmenos.
Dithmenos was pleased with you.
You visited 2 branches of the dungeon, and saw 6 of its levels.
You also visited: Ossuary.

You collected 255 gold pieces.

Inventory:

Hand Weapons
 a - a +0 rapier
 g - a +1 dagger
 j - a +2 dagger of venom
 m - a +1 vampiric dagger (weapon)
 s - a +2 quarterstaff of chaos
 u - a +0 hammer
Missiles
 e - a javelin
 f - 3 boomerangs
 r - 3 poisoned darts
Armour
 b - a +0 leather armour (worn)
 c - a +0 helmet (worn)
 i - a +0 pair of boots (worn)
 n - a +1 pair of gloves (worn)
 t - a +0 cloak (worn)
Wands
 w - a wand of mindburst (11)
 C - a wand of roots (3) (quivered)
Scrolls
 k - a scroll of blinking
 o - a scroll of enchant weapon
 v - a scroll of enchant armour
 y - a scroll of amnesia
 D - a scroll of teleportation
 E - a scroll of butterflies
Potions
 l - 3 potions of cancellation
 p - 3 potions of flight
 q - a potion of curing
 z - 2 potions of might
 A - a potion of magic
 B - a potion of berserk rage


   Skills:
 + Level 5.6 Fighting
 + Level 7.3 Short Blades
 + Level 3.1 Long Blades
 + Level 3.1 Axes
 + Level 3.1 Maces & Flails
 + Level 3.1 Polearms
 + Level 3.1 Staves
 + Level 3.1 Ranged Weapons
 + Level 5.6 Throwing
 + Level 3.1 Armour
 + Level 7.3 Dodging
 + Level 3.1 Stealth
 + Level 3.1 Shields
 + Level 3.1 Unarmed Combat
 + Level 3.1 Spellcasting
 + Level 2.5 Conjurations
 + Level 2.5 Hexes
 + Level 2.5 Summonings
 + Level 2.5 Necromancy
 + Level 2.5 Translocations
 + Level 2.5 Transmutations
 + Level 2.5 Fire Magic
 + Level 2.5 Ice Magic
 + Level 2.5 Air Magic
 + Level 2.5 Earth Magic
 + Level 2.5 Poison Magic
 + Level 3.4 Invocations
 + Level 3.1 Evocations


You had 13 spell levels left.
You didn't know any spells.
Your spell library contained the following spells:

 Spells                   Type           Power      Damage    Failure   Level
 Ensorcelled Hibernation  Hex/Ice        8%         N/A       22%         2
 Passwall                 Tmut/Erth      3%         N/A       22%         2
 Confusing Touch          Hex            4%         N/A       41%         3
 Swiftness                Air            4%         N/A       41%         3
 Yara's Violent Unravell  Hex/Tmut       2%         3d3       99%         5
 Enfeeble                 Hex            2%         N/A       100%        7


Dungeon Overview and Level Annotations

Branches:
Dungeon (5/15)             Temple (1/1) D:4         Ossuary (visited)

Altars:
Ashenzari
Cheibriados
Dithmenos
Elyvilon
Fedhas
Gozag
Hepliaklqana
Kikubaaqudgha
Makhleb
Okawaru
Qazlal
Ru
Sif Muna
Uskayaw
Vehumet
Wu Jian
Xom
Yredelemnul
Zin

Annotations:
D:5 1 runed translucent door


Innate Abilities, Weirdness & Mutations

You have very sharp teeth.
Your uncanny sense of smell can sniff out nearby items.
Your experience applies equally to all skills.


Message History

Press: ? - help, Q - select action, (/) - cycle Shift-Dir - straight line, f/p - vampire mosquito
Aim: a vampire mosquito (severely damaged, fast, strong, umbra)
The roots erupt in riotous growth!
Roots grab the vampire mosquito.
Roots grab the scorpion.
The grasping roots constrict the scorpion!
The grasping roots constrict the vampire mosquito.
The vampire mosquito bites you.
* * * LOW HITPOINT WARNING * * *
The vampire mosquito draws strength from your injuries!
The vampire mosquito barely misses you.
The giant cockroach struggles against the net.
The vampire mosquito closely misses you.
The scorpion closely misses you.
The giant cockroach struggles against the net.
The net rips apart, and the giant cockroach comes free!
You feel a sense of dread.
m - a +1 vampiric dagger (weapon)
The grasping roots constrict the scorpion.
The grasping roots constrict the vampire mosquito.
The roots release their grip on the scorpion.
The vampire mosquito barely misses you.
The giant cockroach waves its antennae.
The vampire mosquito bites you!
* * * LOW HITPOINT WARNING * * *
The vampire mosquito draws strength from your injuries!
Aiming: Fastroot
Press: ? - help, Q - select action, (/) - cycle Shift-Dir - straight line, f/p - vampire mosquito
Aim: a vampire mosquito (severely damaged, fast, strong, constricted by roots, umbra)
The roots erupt in riotous growth!
The vampire mosquito is unaffected.
Roots grab the scorpion.
Roots grab the scorpion. x2
The grasping roots constrict the scorpion. x2
The grasping roots constrict the vampire mosquito!
The grasping roots constrict the scorpion.
You kill the scorpion!
Dithmenos accepts your kill.
You can now step into the shadows of nearby creatures.
The vampire mosquito bites you!
You die...

####.... #.##. ##.##.
########.#######.....
......#..........### ∆
..?..#########.## .
#######....# ## #.###. .
#....s#s...# #<####..... ..
+b.BBs†y@..# #.#.....#.. ...
#b..bB#s...# #...#####..
....#######....# #..##.....#
...............##...#........
...............##.###.#.#....
##.########'#########.
#.#.####. .......>...........
. #.#......
#.#####.##########.#
#.#....## #.###### ..#..#.#


You could see a vampire mosquito (fast, strong, rooted), 4 scorpions and 3 giant
cockroaches.

Vanquished Creatures
  2 phantoms
  A scorpion (D:5)
  8 water moccasin zombies (Ossuary)
  2 hounds (D:4)
  Crazy Yiuf (D:3)
  A jelly (D:4)
  3 mummies (Ossuary)
  Robin (D:2)
  3 adders
  An ufetubus (D:5)
  8 adder zombies (Ossuary)
  3 dart slugs
  3 ball pythons (D:1)
  4 bats
  7 endoplasms
  7 giant cockroaches
  5 gnoll zombies (Ossuary)
  16 goblins
  11 hobgoblins
  13 jackals
  6 kobolds
  2 quokkas (D:1)
  4 frilled lizards
  2 hobgoblin zombies (Ossuary)
  5 kobold zombies (Ossuary)
  4 orc zombies (Ossuary)
  8 rats
131 creatures vanquished.

Notes
Turn   | Place    | Note
-------+----------+-------------------------------------------
     0 | D:1      | Draxus42 the Gnoll Gladiator began the quest for the Orb.
     0 | D:1      | Reached XP level 1. HP: 20/20 MP: 1/1
   165 | D:1      | Reached XP level 2. HP: 26/26 MP: 2/2
   322 | D:1      | Reached XP level 3. HP: 31/31 MP: 3/3
   461 | D:1      | Reached skill level 1 in Invocations
   720 | D:1      | Reached skill level 1 in Long Blades
   720 | D:1      | Reached skill level 1 in Axes
   720 | D:1      | Reached skill level 1 in Maces & Flails
   720 | D:1      | Reached skill level 1 in Polearms
   720 | D:1      | Reached skill level 1 in Staves
   720 | D:1      | Reached skill level 1 in Ranged Weapons
   720 | D:1      | Reached skill level 1 in Armour
   720 | D:1      | Reached skill level 1 in Stealth
   720 | D:1      | Reached skill level 1 in Shields
   720 | D:1      | Reached skill level 1 in Unarmed Combat
   720 | D:1      | Reached skill level 1 in Spellcasting
   720 | D:1      | Reached skill level 1 in Evocations
   856 | D:2      | Reached XP level 4. HP: 38/38 MP: 5/5
   997 | D:2      | Noticed Robin
  1011 | D:2      | Killed Robin
  1012 | D:2      | Reached skill level 1 in Conjurations
  1012 | D:2      | Reached skill level 1 in Hexes
  1012 | D:2      | Reached skill level 1 in Summonings
  1012 | D:2      | Reached skill level 1 in Necromancy
  1012 | D:2      | Reached skill level 1 in Translocations
  1012 | D:2      | Reached skill level 1 in Transmutations
  1012 | D:2      | Reached skill level 1 in Fire Magic
  1012 | D:2      | Reached skill level 1 in Ice Magic
  1012 | D:2      | Reached skill level 1 in Air Magic
  1012 | D:2      | Reached skill level 1 in Earth Magic
  1012 | D:2      | Reached skill level 1 in Poison Magic
  1187 | D:2      | Found a hide-covered altar of Uskayaw.
  1590 | D:3      | Reached XP level 5. HP: 43/43 MP: 5/7
  1619 | D:3      | Found a faded altar of an unknown god.
  2143 | D:3      | Found a runed translucent door.
  2144 | D:3      | Noticed Crazy Yiuf
  2153 | D:3      | Killed Crazy Yiuf
  2311 | D:4      | Found a staircase to the Ecumenical Temple.
  2318 | Temple   | Entered the Ecumenical Temple
  2524 | Temple   | Became a worshipper of Dithmenos the Shadowed
  2636 | D:4      | Reached XP level 6. HP: 50/50 MP: 8/8
  2698 | D:4      | Reached skill level 5 in Fighting
  2698 | D:4      | Reached skill level 5 in Throwing
  2719 | D:4      | Found a sand-covered staircase.
  2723 | Ossuary  | Entered an ossuary
  2799 | Ossuary  | Reached * piety under Dithmenos
  2800 | Ossuary  | Reached XP level 7. HP: 15/56 MP: 10/10
  3574 | D:4      | Reached XP level 8. HP: 57/63 MP: 12/12
  3616 | D:4      | Found a hide-covered altar of Uskayaw.
  3675 | D:4      | Found a white marble altar of Elyvilon.
  3676 | D:4      | Found an iron altar of Okawaru.
  3794 | D:4      | Found a basalt altar of Yredelemnul.
  3795 | D:4      | Found a glowing silver altar of Zin.
  3796 | D:4      | Found a sacrificial altar of Ru.
  3796 | D:4      | Found a shimmering blue altar of Sif Muna.
  3808 | D:5      | Entered Level 5 of the Dungeon
  3974 | D:5      | Found a runed translucent door.
  3977 | D:5      | Found a runed translucent door.
  3997 | D:5      | HP: 3/63 [vampire mosquito (9)]
  3998 | D:5      | Reached ** piety under Dithmenos
  3998 | D:5      | Slain by a vampire mosquito

Illustrated notes

Levels and vault maps discovered:
D:1:      dreamdust_arrival_beginning_and_end, layout_basic, item_on_display_a
D:2:      layout_loops_ring, basic_altar, nicolae_kite_square_tiling_tiny,
          uniq_robin
D:3:      layout_loops_ring, hellmonk_ecumenical_altar_inner_sanctum,
          uniq_crazy_yiuf_cottage
D:4:      layout_rooms, mainiacjoe_overflow_alcove_3, amcnicky_altar_gilded,
          gammafunk_temple_overflow_statue, minmay_temple_entry_arrows,
          enter_ossuary_5
D:5:      lemuel_insect_pit, layout_basic, nemelex_diamond_rough_becter,
          kennysheep_crisscross
Temple:   nicolae_temple_bog_church

Skill      XL: |  1  2  3  4  5  6  7 |
---------------+----------------------+-----
Invocations    | 1 2 3 |  3.4
Long Blades    | 1 2 3 |  3.1
Axes           | 1 2 3 |  3.1
Maces & Flails | 1 2 3 |  3.1
Polearms       | 1 2 3 |  3.1
Staves         | 1 2 3 |  3.1
Ranged Weapons | 1 2 3 |  3.1
Armour         | 1 2 3 |  3.1
Stealth        | 1 2 3 |  3.1
Shields        | 1 2 3 |  3.1
Unarmed Combat | 1 2 3 |  3.1
Spellcasting   | 1 2 3 |  3.1
Evocations     | 1 2 3 |  3.1
Conjurations   | 1 2 |  2.5
Hexes          | 1 2 |  2.5
Summonings     | 1 2 |  2.5
Necromancy     | 1 2 |  2.5
Translocations | 1 2 |  2.5
Transmutations | 1 2 |  2.5
Fire Magic     | 1 2 |  2.5
Ice Magic      | 1 2 |  2.5
Air Magic      | 1 2 |  2.5
Earth Magic    | 1 2 |  2.5
Poison Magic   | 1 2 |  2.5
Fighting       | 5 |  5.6
Throwing       | 5 |  5.6
Short Blades   | 7 |  7.3
Dodging        | 7 |  7.3

Action                   |  1- 3 |  4- 6 |  7- 9 || total
-------------------------+-------+-------+-------++-------
Melee: Rapier            |   108 |       |       ||   108
       Dagger            |    42 |   158 |    35 ||   235
       Bite              |    13 |    14 |    22 ||    49
       Punch             |     4 |     4 |     1 ||     9
       Quarterstaff      |       |    45 |   125 ||   170
Throw: Throwing net      |       |     1 |     2 ||     3
       Dart              |       |     1 |       ||     1
Evoke: Wand              |       |       |     3 ||     3
  Use: Scroll            |     3 |     3 |     7 ||    13
       Potion            |     3 |     2 |     1 ||     6
 Stab: Sleeping          |     2 |     4 |     2 ||     8
       Distracted        |       |     1 |     1 ||     2
       Petrifying        |       |       |     1 ||     1
       Petrified         |       |       |     1 ||     1
       Paralysed         |       |       |     1 ||     1
Armor: Leather armour    |    39 |    80 |    36 ||   155
Dodge: Dodged            |    96 |   187 |   116 ||   399

Table legend: (Time is in decaauts)
 A = Elapsed time spent in this place.
 B = Non-inter-level travel time spent in this place.
 C = Inter-level travel time spent in this place.
 D = Time resting spent in this place.
 E = Time spent auto-exploring this place.
 F = Levels seen in this place.
 G = Mean time per level.
                   A        B        C        D        E       F      G
               +--------+--------+--------+--------+--------+-----+--------+
         Total |   3925 |   3863 |     62 |    600 |   2156 |   7 |  560.7 |
       Dungeon |   2997 |   2935 |     62 |    322 |   1830 |   5 |  599.4 |
        Temple |    235 |    235 |      0 |      0 |    193 |   1 |  235.0 |
       Ossuary |    693 |    693 |      0 |    278 |    133 |   1 |  693.0 |
               +--------+--------+--------+--------+--------+-----+--------+

Top non-repeatable levels by time:
     D:3: 804 daAuts
     D:1: 797 daAuts
 Ossuary: 693 daAuts
     D:2: 617 daAuts
     D:4: 601 daAuts
  Temple: 235 daAuts
     D:5: 177 daAuts
